 Dungeon Crawl Stone Soup version 0.19-a0-291-ga637243 (webtiles) character file.

174132 mrath the Thaumaturge (level 18, -10/108 HPs)
             Began as a Gargoyle Earth Elementalist on May 22, 2016.
             Was the Champion of Vehumet.
             Killed by the raging water
             ... invoked by a water nymph
              (19 damage)
             ... on level 3 of the Shoals on May 27, 2016.
             The game lasted 07:30:30 (54523 turns).

mrath the Thaumaturge (GrEE)                       Turns: 54523, Time: 07:30:31

Health: -10/108    AC: 28    Str: 14    XL:     18   Next: 6%
Magic:  9/35       EV: 20    Int: 22    God:    Vehumet [******]
Gold:   61         SH:  6    Dex: 10    Spells: 12 memorised, 2 levels left

rFire  . . .     SeeInvis .     E - +0 mace (protect)
rCold  . . .     Gourm    .     p - +1 robe {MR+}
rNeg   + . .     Faith    .     J - +2 buckler
rPois  ∞         Spirit   .     u - +0 helmet
rElec  +         Dismiss  .     R - +0 cloak
rCorr  .         Reflect  .     B - +0 pair of gloves
SustAt .         Harm     .     F - +0 pair of boots
MR     +++..                    W - amulet of regeneration
Stlth  ++........               v - +5 ring of evasion
                                e - ring of protection from magic

@: flying, repel missiles, extremely resistant to hostile enchantments,
unstealthy
A: big wings, negative energy resistance 1, electricity resistance, unbreathing,
petrification resistance, rot immunity, AC +13
a: Stop Flying, Renounce Religion


You were on level 3 of the Shoals.
You worshipped Vehumet.
Vehumet was exalted by your worship.
You were very hungry.

You visited 5 branches of the dungeon, and saw 29 of its levels.
You visited 2 bazaars.
You also visited: Labyrinth and Ice Cave.

You collected 2827 gold pieces.
You spent 2766 gold pieces at shops.

Inventory:

Hand Weapons
 b - a +8 blowgun
 E - a +0 mace of protection (weapon)
Missiles
 g - 73 tomahawks (quivered)
 m - 65 poisoned needles
 w - 6 throwing nets
Armour
 k - a +2 ring mail of fire resistance
 p - a +1 robe of magic resistance (worn)
 u - a +0 helmet (worn)
 B - a +0 pair of gloves (worn)
 F - a +0 pair of boots (worn)
 J - a +2 buckler (worn)
 R - a +0 cloak (worn)
 S - a +2 robe of resistance
Rods
 V - a +4 rod of shadows (0/10)
   (You bought it in a shop in a bazaar)
Jewellery
 e - a ring of protection from magic (left hand)
 v - a +5 ring of evasion (right hand)
 W - an amulet of regeneration (around neck)
Wands
 a - a wand of teleportation (5/9)
 C - a wand of disintegration (5/24)
 U - a wand of iceblast (8/15)
 X - a wand of lightning (4/15)
Scrolls
 d - 4 scrolls of identify
 f - 2 scrolls of magic mapping
 h - 14 scrolls of remove curse
 i - 14 scrolls of teleportation
 j - a scroll of blinking
 K - 2 scrolls of fog
 P - 2 scrolls of summoning
 T - 3 scrolls of fear
Potions
 l - 7 potions of curing
 n - 2 potions of cancellation
 o - 7 potions of lignification
 q - a potion of might
 D - 2 potions of agility
 L - 3 potions of resistance
 Q - 4 potions of heal wounds
Miscellaneous
 c - a disc of storms
 z - a phial of floods (inert)
 Y - a phantom mirror
Comestibles
 s - 14 fruits
 N - 3 slices of pizza


   Skills:
 + Level 10.9 Fighting
 - Level 7.2 Maces & Flails
   Level 1.5 Bows
 + Level 11.1 Armour
 + Level 8.7 Dodging
 - Level 2.1 Stealth
 - Level 4.7 Shields
 * Level 13.7 Spellcasting
 + Level 11.5 Conjurations
   Level 0.7 Transmutations
 + Level 10.3 Fire Magic
 + Level 13.1 Earth Magic
 + Level 6.4 Evocations


You had 2 spell levels left.
You knew the following spells:

 Your Spells              Type           Power        Failure   Level  Hunger
a - Sandblast             Erth           ######       1%          1    None
b - Stone Arrow           Conj/Erth      ######       1%          3    None
c - Magic Dart            Conj           ####         1%          1    None
d - Lee's Rapid Deconstr  Erth           ######....   1%          5    ###....
e - Sticky Flame          Conj/Fire      ######..     1%          4    None
f - Repel Missiles        Chrm/Air       ###...       10%         2    None
g - Bolt of Magma         Conj/Fire/Erth ######....   1%          5    ###....
h - Bolt of Fire          Conj/Fire      ######....   2%          6    #####..
i - Mephitic Cloud        Conj/Pois/Air  ####....     1%          3    None
j - Apportation           Tloc           ###.......   6%          1    None
k - Fireball              Conj/Fire      ######....   1%          5    ###....
l - Iron Shot             Conj/Erth      ######....   1%          6    #####..


Dungeon Overview and Level Annotations

Branches:
Dungeon (15/15)            Temple (1/1) D:6            Lair (8/8) D:11
 Shoals (3/4) Lair:3        Snake (0/4) Lair:4        Slime (0/6) Lair:6
    Orc (2/2) D:9             Elf (0/3) Orc:2        Vaults (0/5) D:14
 Depths (0/5) D:15

Altars:
Dithmenos
Elyvilon
Fedhas
Gozag
Kikubaaqudgha
Makhleb
Nemelex Xobeh
Okawaru
Qazlal
Ru
Trog
Vehumet
Yredelemnul
Zin
The Shining One

Shops:
D:5 :%}[   D:12 (   Orc:1 [   Orc:2 :%*((   Shoals:1 !

Annotations:
D:10 Zhenya25pyc's ghost, journeyman GrFi
Lair:4 Duffy's ghost, journeyman SpEn


Innate Abilities, Weirdness & Mutations

You are resistant to torment.
Your stone body is resilient (AC +13).
You are immune to poison.
Your large and strong wings let you fly indefinitely.
You resist negative energy. (rN+)
You are resistant to electric shocks. (rElec)
You can survive without breathing.
You are immune to petrification.
You are immune to rotting.


Message History

E - a +0 mace of protection (weapon)
The water nymph points at you and mumbles some strange words.
The water rises up and strikes you!
* * * LOW HITPOINT WARNING * * *
You closely miss the water nymph.
The water nymph is lightly wounded.
The water nymph casts a spell at you. The water rises up and strikes you!
Your hungry ghost hits the water nymph.
Your ice beast hits the water nymph.
Your ice beast freezes the water nymph.
The water nymph touches you. The water nymph misses you.
You hit the water nymph.
The water nymph is moderately wounded.
Your hungry ghost barely misses the water nymph.
Your ice beast barely misses the water nymph.
The water nymph casts a spell at you. The water rises up and strikes you!
* * * LOW HITPOINT WARNING * * *
The water nymph gestures at you while chanting.
The water rises up and strikes you!
You die...

≈≈≈≈≈≈≈≈≈≈≈≈≈≈≈
≈≈≈≈≈≈≈≈≈≈≈≈≈≈≈≈≈
≈≈≈≈≈≈≈≈≈≈≈≈≈≈≈≈≈
≈≈≈≈≈≈≈..≈≈≈≈≈≈≈≈
≈≈≈≈≈≈....≈≈≈≈≈≈≈
≈≈≈.≈......≈≈≈≈≈≈
≈≈≈..m##≈(.≈≈≈≈≈≈
≈≈≈≈...#m@%$≈≈≈≈≈
≈≈≈≈≈.≈)Wm≈≈≈≈≈≈≈
≈≈≈≈≈.≈≈≈)Y≈≈≈≈≈≈
≈≈≈≈≈≈≈≈≈≈≈≈≈≈≈≈≈
≈≈(≈≈≈≈≈≈≈≈≈≈≈≈≈≈
≈≈≈≈≈≈≈≈≈(≈≈≈≈≈≈≈
.≈≈≈≈≈≈≈≈(..≈≈≈≈≈
.≈≈≈≈≈≈≈.##.≈≈≈≈≈
..≈≈≈≈≈≈≈. .≈≈≈≈


You could see 2 water nymphs, a friendly hungry ghost and a friendly ice beast.

Vanquished Creatures
  Rupert (Lair:2)
  Maud (Lair:7)
  A dire elephant (Lair:4)
  A minotaur (Lab)
  3 merfolk impalers
  A fire dragon (D:15)
  A merfolk javelineer (Lair:3)
  Fannar (Lair:3)
  A catoblepas (Lair:5)
  4 hydras
  4 centaur warriors
  2 merfolk avatars (Shoals:1)
  2 merfolk aquamancers (Shoals:1)
  10 death yaks
  4 ogre magi (Orc:2)
  3 skeletal warriors (D:14)
  A sea snake (Shoals:1)
  A wizard (D:15)
  9 hill giants
  2 harpies (Shoals:1)
  A cyclops (D:11)
  An oklob plant (Lair:8)
  An orb spider (shapeshifter) (D:13)
  3 orc knights
  4 ugly things
  2 orc sorcerers
  A deep elf mage (D:13)
  4 fauns (Shoals:1)
  10 griffons
  5 manticores
  A siren (Shoals:3)
  6 black mambas
  A molten gargoyle (Lair:3)
  37 elephants
  An ice statue (IceCv)
  Joseph (D:10)
  A water nymph (Shoals:1)
  12 spiny frogs
  5 rime drakes
  A rime drake (shapeshifter) (D:15)
  A kobold demonologist (D:12)
  A freezing wraith (D:15)
  9 komodo dragons
  A spriggan druid (Lair:8)
  A troll (shapeshifter) (D:13)
  15 trolls
  Grinder (D:6)
  16 two-headed ogres
  14 merfolk
  5 polar bears
  8 slime creatures
  A wind drake (shapeshifter) (D:12)
  A snapping turtle (Shoals:1)
  33 blink frogs
  A raiju (shapeshifter) (D:14)
  A wolf spider simulacrum (D:14)
  12 spriggans
  36 yaks
  A shadow (D:15)
  A wraith (D:14)
  6 water elementals
  A fire elemental (Lair:3)
  A human (D:8)
  3 redbacks (Lair:8)
  4 wyverns
  A hog (D:9)
  2 vampires (D:15)
  3 basilisks
  A wyvern (shapeshifter) (D:14)
  18 hippogriffs
  7 hungry ghosts
  5 wargs
  2 steam dragons
  3 mottled dragons
  4 soldier ants
  16 water moccasins
  A porcupine (shapeshifter) (D:14)
  Duvessa (D:5)
  13 porcupines
  29 orc warriors
  15 ice beasts
  4 sky beasts
  3 black bears
  A swamp drake (Lair:1)
  4 wasps
  An eye of draining (shapeshifter) (D:14)
  35 ogres
  4 phantoms
  46 wolves
  13 centaurs
  30 crocodiles
  3 big kobolds
  Blork the orc (D:6)
  29 giant frogs
  A wyvern skeleton (D:14)
  3 killer bees (D:10)
  Dowan (D:6)
  4 scorpions
  A water moccasin skeleton (D:8)
  7 wights
  4 howler monkeys
  An electric eel (D:8)
  6 crimson imps
  2 giant frog zombies (D:13)
  2 centaur zombies
  A quasit (D:9)
  17 orc priests
  33 orc wizards
  6 centaur skeletons
  7 hounds
  4 jellies
  3 giant frog skeletons
  16 iguanas
  11 worker ants
  25 sheep
  A hound zombie (D:5)
  A hound skeleton (D:6)
  A worker ant zombie (D:6)
  8 gnolls
  A howler monkey skeleton (D:7)
  14 adders
  94 river rats
  4 shadow imps
  An ooze (D:2)
  2 adder zombies (D:6)
  3 worms
  A dart slug (D:2)
  18 giant geckos
  86 orcs
  7 bats
  8 giant cockroaches
  5 goblins (D:3)
  4 hobgoblins
  3 jackals (D:2)
  13 kobolds
  7 quokkas
  A giant cockroach zombie (D:5)
  A giant gecko skeleton (D:8)
  4 giant newts
  10 rats
  A bush (Lair:8)
  A fire vortex (Lair:5)
  A fungus (Lair:4)
  A plant (Lab)
1077 creatures vanquished.

Vanquished Creatures (collateral kills)
  A spriggan (Lair:8)
1 creature vanquished.

Vanquished Creatures (others)
  A harpy (Shoals:1)
  A merfolk (Shoals:1)
  A water elemental (Shoals:1)
  A wolf (IceCv)
  An orc (D:8)
  80 fungi
  35 plants
  8 tentacles (Shoals:1)
  412 tentacle segments (Shoals:1)
540 creatures vanquished.

Grand Total: 1618 creatures vanquished

Notes
Turn   | Place    | Note
--------------------------------------------------------------
     0 | D:1      | mrath the Gargoyle Earth Elementalist began the quest for the Orb.
     0 | D:1      | Reached XP level 1. HP: 10/10 MP: 3/3
   281 | D:1      | Reached XP level 2. HP: 15/15 MP: 0/5
  1126 | D:2      | Found a radiant altar of Vehumet.
  1180 | D:2      | Became a worshipper of Vehumet
  1341 | D:2      | Reached XP level 3. HP: 19/19 MP: 4/7
  2227 | D:2      | Learned a level 3 spell: Stone Arrow
  2234 | D:3      | Reached XP level 4. HP: 24/24 MP: 6/8
  2564 | D:3      | Reached skill level 1 in Conjurations
  2565 | D:3      | Found a sacrificial altar of Ru.
  2789 | D:3      | Reached * piety under Vehumet
  2789 | D:3      | Offered knowledge of Magic Dart by Vehumet.
  2793 | D:3      | Learned a level 1 spell: Magic Dart
  2937 | D:3      | Reached XP level 5. HP: 27/28 MP: 10/10
  3781 | D:3      | Found a sacrificial altar of Ru.
  3781 | D:3      | Found a bloodstained altar of Trog.
  3867 | D:3      | Reached skill level 5 in Earth Magic
  3879 | D:3      | Reached XP level 6. HP: 28/32 MP: 6/12
  4176 | D:3      | Offered knowledge of Throw Frost by Vehumet.
  4220 | D:3      | Reached ** piety under Vehumet
  4235 | D:3      | Learned a level 5 spell: Lee's Rapid Deconstruction
  4878 | D:4      | Reached skill level 5 in Spellcasting
  4990 | D:4      | Reached XP level 7. HP: 35/36 MP: 11/14
  5209 | D:4      | Found a blossoming altar of Fedhas.
  5479 | D:5      | Entered Level 5 of the Dungeon
  5539 | D:5      | Offered knowledge of Conjure Flame by Vehumet.
  5544 | D:5      | Learned a level 3 spell: Conjure Flame
  5583 | D:5      | Found Honned's Antique Armour Emporium.
  5798 | D:5      | Found Naixtun's Gadget Shop.
  5840 | D:5      | Reached skill level 1 in Armour
  5976 | D:5      | Found Wargheopp's Book Emporium.
  5998 | D:5      | Found Jizaiquri's Food Shop.
  6036 | D:5      | Found a shadowy altar of Dithmenos.
  6037 | D:5      | Found a stormy altar of Qazlal.
  6098 | D:5      | Reached skill level 1 in Fighting
  6098 | D:5      | Reached skill level 1 in Fire Magic
  6142 | D:5      | Reached *** piety under Vehumet
  6152 | D:5      | Found an ancient bone altar of Kikubaaqudgha.
  6268 | D:5      | Reached XP level 8. HP: 43/43 MP: 11/16
  6321 | D:6      | Noticed Grinder
  6329 | D:6      | Killed Grinder
  6377 | D:6      | Noticed Blork the orc
  6515 | D:6      | Noticed Dowan
  6521 | D:6      | Noticed Duvessa
  6523 | D:6      | Killed Dowan
  6588 | D:5      | Killed Duvessa
  7134 | D:6      | Offered knowledge of Throw Icicle by Vehumet.
  7149 | D:6      | Found a staircase to the Ecumenical Temple.
  7463 | D:6      | Reached XP level 9. HP: 42/49 MP: 9/19
  7701 | D:6      | Found a basalt altar of Yredelemnul.
  7827 | D:6      | Killed Blork the orc
  8628 | D:7      | Found a sparkling altar of Nemelex Xobeh.
  9319 | D:8      | Reached **** piety under Vehumet
  9319 | D:8      | Reached skill level 1 in Maces & Flails
  9523 | D:8      | Reached skill level 5 in Conjurations
  9553 | D:8      | Learned a level 2 spell: Repel Missiles
 10583 | D:8      | Offered knowledge of Venom Bolt by Vehumet.
 11121 | D:9      | Found a staircase to the Orcish Mines.
 11189 | D:9      | Reached XP level 10. HP: 56/56 MP: 14/21
 11268 | D:9      | Found an opulent altar of Gozag.
 12803 | D:10     | Entered Level 10 of the Dungeon
 12859 | D:10     | Noticed Zhenya25pyc's ghost (journeyman GrFi)
 13245 | D:10     | Reached skill level 5 in Armour
 13495 | D:10     | Noticed Joseph
 13728 | D:9      | Reached skill level 5 in Fighting
 13848 | D:10     | Killed Joseph
 13851 | D:10     | Noticed a hill giant
 14187 | D:10     | Reached ***** piety under Vehumet
 14187 | D:10     | Offered knowledge of Bolt of Magma by Vehumet.
 14194 | D:10     | Learned a level 5 spell: Bolt of Magma
 14252 | D:10     | Noticed a hill giant
 14773 | D:9      | Killed a hill giant
 14773 | D:9      | Reached XP level 11. HP: 36/64 MP: 7/23
 15634 | D:10     | Killed a hill giant
 15634 | D:10     | Reached skill level 5 in Fire Magic
 16054 | D:11     | Noticed a cyclops
 16197 | D:10     | Noticed a hill giant
 16205 | D:9      | HP: 3/64 [hill giant/giant spiked club (36)]
 16206 | D:9      | Killed a hill giant
 16724 | Temple   | Entered the Ecumenical Temple
 17103 | D:11     | Found a staircase to the Lair.
 17105 | D:11     | Noticed a purple ugly thing
 17891 | D:11     | Got a warped robe
 17969 | D:11     | Killed a cyclops
 18088 | Lair:1   | Entered Level 1 of the Lair of Beasts
 18592 | Lair:1   | Reached skill level 5 in Dodging
 19264 | Lair:1   | Identified the +0 robe of Lugonu's Delight {+Fly rElec rN++ Stlth-} (You found it on level 11 of the Dungeon)
 19586 | Lair:1   | Reached skill level 5 in Maces & Flails
 19833 | Lair:1   | Reached XP level 12. HP: 71/71 MP: 21/25
 22142 | Lair:3   | Found a staircase to the Shoals.
 22152 | Lair:3   | Found a frozen archway.
 22384 | Lair:3   | Reached skill level 10 in Spellcasting
 22471 | IceCv    | Entered an ice cave
 23140 | Lair:3   | Noticed a four-headed hydra
 23143 | Lair:3   | Noticed Fannar
 23691 | Lair:3   | Offered knowledge of Iskenderun's Mystic Blast by Vehumet.
 24126 | Lair:3   | Reached XP level 13. HP: 77/77 MP: 18/27
 24168 | Lair:3   | Noticed Rupert
 24450 | Lair:3   | Paralysed by Rupert for 3 turns
 24482 | Lair:3   | Paralysed by Rupert for 7 turns
 24512 | Lair:2   | HP: 1/77 [Rupert/great sword of freezing (6)]
 24692 | Lair:2   | Paralysed by Rupert for 4 turns
 24701 | Lair:2   | Killed Rupert
 24701 | Lair:2   | Reached skill level 10 in Earth Magic
 24910 | Lair:3   | Killed Fannar
 25112 | Lair:4   | Found a staircase to the Snake Pit.
 25560 | Lair:4   | Noticed Duffy's ghost (journeyman SpEn)
 28763 | Lair:5   | Gained mutation: Your large and strong wings let you fly indefinitely. [Gargoyle growth]
 28763 | Lair:5   | Reached XP level 14. HP: 68/84 MP: 13/29
 29011 | Lair:5   | Noticed a dire elephant
 29032 | Lair:4   | Upgraded the game from 0.19-a0-172-g3b1235c to 0.19-a0-188-ga21aea4
 29032 | Lair:4   | Upgraded the game from 0.19-a0-188-ga21aea4 to 0.19-a0-277-g85cb9a5
 29040 | Lair:4   | Killed a dire elephant
 30273 | Lair:6   | Found a staircase to the Slime Pits.
 30287 | Lair:6   | Offered knowledge of Bolt of Fire by Vehumet.
 30298 | Lair:6   | Learned a level 6 spell: Bolt of Fire
 30410 | Lair:6   | Got an ancient glass ring
 30694 | Lair:7   | Got a steaming shortbow
 30703 | Lair:7   | Found a labyrinth entrance.
 30727 | Lair:7   | Identified the ring of Qorryrec {rC+ Str+3 Int+3} (You found it on level 6 of the Lair of Beasts)
 30734 | Lab      | Entered a labyrinth
 31538 | Lair:7   | Learned a level 3 spell: Mephitic Cloud
 31911 | Lair:2   | Identified the +6 shortbow of Qaipnage {freeze, rF++ Str+2} (You found it on level 7 of the Lair of Beasts)
 32528 | Lair:7   | Noticed Maud
 32545 | Lair:7   | Killed Maud
 32719 | Lair:7   | Reached skill level 1 in Bows
 33298 | Lair:8   | Entered Level 8 of the Lair of Beasts
 33309 | Lair:8   | Reached skill level 1 in Evocations
 33755 | Lair:7   | Offered knowledge of Irradiate by Vehumet.
 34116 | Lair:7   | Reached skill level 10 in Conjurations
 34354 | Lair:8   | HP: 2/86 [black mamba (10)]
 34427 | Lair:6   | Reached XP level 15. HP: 48/91 MP: 5/31
 35020 | Lair:8   | Learned a level 1 spell: Apportation
 36557 | Lair:8   | Offered knowledge of Bolt of Cold by Vehumet.
 36990 | Lair:7   | Reached skill level 1 in Shields
 37877 | Lair:8   | Reached skill level 10 in Armour
 38221 | D:12     | Found Qityb's Antique Weapon Shop.
 38276 | D:12     | Found a basalt altar of Yredelemnul.
 38695 | D:12     | Reached skill level 10 in Fighting
 40336 | D:12     | Learned a level 5 spell: Fireball
 40516 | Orc:1    | Entered Level 1 of the Orcish Mines
 40686 | Orc:1    | Reached ****** piety under Vehumet
 40686 | Orc:1    | Offered knowledge of Poison Arrow by Vehumet.
 40721 | Orc:1    | Found Bushrib's Antique Armour Shop.
 41349 | Orc:2    | Entered Level 2 of the Orcish Mines
 41400 | Orc:2    | Found a staircase to the Elven Halls.
 42005 | Orc:2    | Found Saejosk's Book Boutique.
 42645 | D:9      | Upgraded the game from 0.19-a0-277-g85cb9a5 to 0.19-a0-291-ga637243
 43177 | Orc:1    | Offered knowledge of Orb of Destruction by Vehumet.
 43957 | Orc:2    | Reached XP level 16. HP: 97/97 MP: 24/32
 45152 | Orc:2    | Found Boaghas's Food Shop.
 45152 | Orc:2    | Found Guraf's Weapon Shoppe.
 45153 | Orc:2    | Found Falanag's General Store.
 45153 | Orc:2    | Found Zimo's Weapon Boutique.
 47502 | D:14     | Found a gate to the Vaults.
 47521 | D:14     | Found a gate to the Vaults.
 47647 | D:14     | Found a flickering gateway to a bazaar.
 47658 | Bazaar   | Entered a bazaar
 47658 | Bazaar   | Found Qodygo's Gadget Emporium.
 47665 | Bazaar   | Found Akauskiutt's Magic Scroll Boutique.
 47673 | Bazaar   | Found Ifotrug's Antique Armour Boutique.
 47684 | Bazaar   | Found Ufabb's Antique Weapon Emporium.
 47700 | Bazaar   | Found Fusireoz's General Store.
 47708 | Bazaar   | Bought a potion of heal wounds for 60 gold pieces
 47738 | Bazaar   | Bought a crude robe for 233 gold pieces
 47748 | Bazaar   | Identified the +0 robe of Cocytus {MP+9 Stlth+} (You bought it in a shop in a bazaar)
 47759 | Bazaar   | Bought an ancient dagger for 259 gold pieces
 47759 | Bazaar   | Identified the +8 dagger of the Boar {antimagic, +Fly Str+8} (You bought it in a shop in a bazaar)
 47788 | Bazaar   | Bought a scroll of teleportation for 27 gold pieces
 47788 | Bazaar   | Bought a scroll of identify for 18 gold pieces
 47788 | Bazaar   | Bought a scroll of summoning for 85 gold pieces
 47788 | Bazaar   | Bought a scroll of fear for 31 gold pieces
 47788 | Bazaar   | Bought a scroll of teleportation for 27 gold pieces
 47788 | Bazaar   | Bought a scroll of identify for 18 gold pieces
 47788 | Bazaar   | Bought a scroll of identify for 18 gold pieces
 47788 | Bazaar   | Bought a scroll of identify for 18 gold pieces
 47809 | Bazaar   | Bought a wand of iceblast (11/15) for 210 gold pieces
 47809 | Bazaar   | Bought a +4 rod of shadows (10/10) for 1330 gold pieces
 47884 | D:14     | Offered knowledge of Lehudib's Crystal Spear by Vehumet.
 47884 | D:14     | Offered knowledge of Fire Storm by Vehumet.
 47884 | D:14     | Offered knowledge of Chain Lightning by Vehumet.
 48516 | D:14     | Reached skill level 5 in Evocations
 48516 | D:14     | Reached XP level 17. HP: 103/103 MP: 32/34
 48586 | D:14     | Found a shadowy altar of Dithmenos.
 48618 | D:14     | Learned a level 6 spell: Iron Shot
 49422 | D:15     | Entered Level 15 of the Dungeon
 50460 | D:15     | Reached skill level 10 in Fire Magic
 51437 | D:15     | Found a staircase to the Depths.
 51735 | Shoals:1 | Entered Level 1 of the Shoals
 51858 | Shoals:1 | Identified the Incunabulum of Nocuous Aid
 52329 | Shoals:1 | Found Saotim's Distillery.
 52807 | Shoals:1 | Found a flickering gateway to a bazaar.
 52910 | Bazaar   | Entered a bazaar
 52924 | Bazaar   | Found Ezis's Jewellery Shoppe.
 52924 | Bazaar   | Found Vauqiog's Jewellery Emporium.
 52945 | Bazaar   | Found Erikhlenk's General Store.
 52966 | Bazaar   | Found Refum's Book Shoppe.
 52966 | Bazaar   | Found Xenaming's Antique Weapon Emporium.
 53061 | Bazaar   | Bought a book of Flames for 350 gold pieces
 53075 | Bazaar   | Bought a +0 pair of boots for 49 gold pieces
 53075 | Bazaar   | Bought a scroll of teleportation for 33 gold pieces
 53367 | Shoals:1 | Noticed a kraken
 53604 | Shoals:1 | Reached XP level 18. HP: 108/108 MP: 26/35
 54132 | Lair:2   | Learned a level 4 spell: Sticky Flame
 54523 | Shoals:3 | Killed from afar by a water nymph

Vault maps used:
D:1:      roderic_crop_circles_arrival_small
D:2:      vehumet_crystals
D:3:      amethyst_overflow_temple_binary, first_bread, gup_sewer_entry_bubbles,
          nicolae_ru_awakened_eye
D:4:      fedhas_altar_2, nicolae_zen_rock_garden
D:5:      nicolae_overflow_hidden_temple, serial_shops, shop, kennysheep_mini,
          shop, shop, kennysheep_generic_room_5
D:6:      temple_statues, basic_altar, uniq_duvessa, uniq_blork_the_orc,
          uniq_grinder
D:7:      nemelex_deck
D:8:      serial_bayou_lagoon_a
D:9:      kennysheep_little_box, orc_0_dummy, grunt_livestock
D:10:     kennysheep_small_square, uniq_joseph
D:11:     lair_0_dummy
D:12:     serial_shops, nicolae_shop_behind_doors, yredelemnul_altar_generic
D:13:     wad_river_or_something
D:14:     david_vaults_2, serial_shops, bzr_entry_safe,
          grunt_dithmenos_smoke_and_mirrors
D:15:     grunt_enter_depths_hoard, hangedman_decor_riveting,
          grunt_decor_one_mirror
Temple:   triangle_lava_temple_11
Lair:1:   lemuel_reptile_caves, infiniplex_staircase_pool
Lair:2:   serial_bayou_shore_b, grunt_megastairs_5
Lair:3:   shoals_dummy_entry, portal_ice_cave_entry_ice_beasts,
          grunt_megastairs_2, uniq_fannar, uniq_rupert
Lair:4:   dummy_snake_entry
Lair:5:   mu_elephants_graveyard
Lair:6:   slime_dummy, serial_bayou_shore_b
Lair:7:   lab_entry_generic, serial_bayou_ford_a, bh_autumn_forest_stairs,
          lemuel_fruit_fields, serial_bayou_shore_b, lemuel_fruit_tree,
          uniq_maud
Lair:8:   minmay_lair_end_enchanted_forest
Shoals:1: serial_shops, bzr_entry_customers, nicolae_shoals_c_island
Shoals:2: nicolae_shoals_drake_roost, uniq_polyphemus
Orc:1:    serial_shops, shop
Orc:2:    st_orc_ogre_mass, serial_shops, shop_statue
Lab:      labyrinth_glass_1, nicolae_lab_garden, labyrinth_skeletal_remains
Bazaar:   bazaar_lake, bazaar_short_row
IceCv:    ice_cave_caverns_03

Skill      XL: |  1  2  3  4  5  6  7  8  9 10 11 12 13 14 15 16 17 |
---------------+----------------------------------------------------+-----
Earth Magic    | 4 5 6 7 8 9 10 11 12 13 | 13.1
Spellcasting   | 3 4 5 6 7 8 9 10 11 12 13 | 13.7
Conjurations   | 1 2 3 4 5 6 7 8 9 10 11 | 11.5
Armour         | 1 2 4 5 6 7 8 9 10 11 | 11.1
Fighting       | 1 2 3 5 6 7 8 9 10 | 10.9
Fire Magic     | 1 2 3 4 5 6 7 8 9 10 | 10.3
Dodging        | 2 3 4 5 6 7 8 |  8.7
Maces & Flails | 1 3 5 6 7 |  7.2
Bows           | 1 |  1.5
Evocations     | 1 3 5 6 |  6.4
Shields        | 3 4 |  4.7
Stealth        | |  2.1
Transmutations | |  0.7

Action                   |  1- 3 |  4- 6 |  7- 9 | 10-12 | 13-15 | 16-18 || total
-------------------------+-------+-------+-------+-------+-------+-------++-------
Melee: Short sword       |    41 |    47 |       |       |       |       ||    88
       Flail             |       |    34 |    81 |   321 |       |       ||   436
       Mace              |       |     1 |    57 |    73 |       |    78 ||   209
       Quarterstaff      |       |       |       |    10 |   970 |   164 ||  1144
 Fire: Blowgun           |       |       |       |       |    35 |    24 ||    59
       Shortbow          |       |       |       |       |     5 |       ||     5
Throw: Tomahawk          |     5 |     3 |     3 |     7 |     5 |    17 ||    40
 Cast: Sandblast         |    51 |    99 |    96 |     7 |     3 |       ||   256
       Stone Arrow       |       |       |    77 |   440 |  1004 |   531 ||  2052
       Magic Dart        |       |       |    12 |    20 |    33 |    23 ||    88
       Repel Missiles    |       |       |     1 |     1 |     4 |     6 ||    12
       Bolt of Magma     |       |       |       |    31 |    42 |       ||    73
       Conjure Flame     |       |       |       |     1 |       |       ||     1
       Mephitic Cloud    |       |       |       |       |    10 |    12 ||    22
       Lee's Rapid Decon |       |       |       |       |     5 |     9 ||    14
       Bolt of Fire      |       |       |       |       |     3 |     5 ||     8
       Iron Shot         |       |       |       |       |       |    37 ||    37
       Fireball          |       |       |       |       |       |     1 ||     1
 Abil: Fly               |       |       |       |       |     1 |     2 ||     3
       Stop Flying       |       |       |       |       |     1 |     1 ||     2
Evoke: Wand              |       |       |       |     2 |     8 |     7 ||    17
       Rod               |       |       |       |       |       |     2 ||     2
       Phial of floods   |       |       |       |       |       |     1 ||     1
  Use: Scroll            |       |       |     9 |     8 |    14 |    17 ||    48
       Potion            |       |       |       |       |     3 |     5 ||     8
 Stab: Sleeping          |       |       |       |       |     1 |       ||     1
       Distracted        |       |       |       |       |       |     1 ||     1
       Confused          |       |       |       |       |       |     1 ||     1
  Eat: Chunk             |     4 |     9 |    18 |    37 |    59 |    37 ||   164
       Fruit             |       |       |     3 |     3 |    13 |     6 ||    25
       Pizza             |       |       |       |     3 |     1 |     2 ||     6
       Beef jerky        |       |       |       |     3 |       |       ||     3
       Royal jelly       |       |       |       |       |     1 |       ||     1
Armor: Robe              |    19 |    48 |    85 |    80 |       |   140 ||   372
       Skin              |       |       |     1 |       |       |       ||     1
       Troll leather arm |       |       |       |   271 |   914 |       ||  1185
       Ring mail         |       |       |       |       |    32 |   186 ||   218
Dodge: Dodged            |    38 |    88 |   147 |   520 |  1605 |   576 ||  2974
       Deflected         |       |       |       |     3 |    17 |    26 ||    46
Block: Buckler           |       |       |       |       |       |   127 ||   127
